 Dungeon Crawl Stone Soup version 0.17-a0-1447-g3d113ad (webtiles) character file.

1875 Sirial the Ducker (level 8, -15/61 HPs)
             Began as a Demonspawn Wanderer on June 29, 2015.
             Was a Priest of Vehumet.
             Demolished by an orc warrior
             ... wielding a +0 battleaxe
              (23 damage)
             ... on level 7 of the Dungeon.
             The game lasted 00:45:23 (6701 turns).

Sirial the Ducker (Demonspawn Wanderer)             Turns: 6701, Time: 00:45:23

Health: -15/61     AC: 12    Str: 18    XL:     8   Next: 91%
Magic:  12/12      EV: 21    Int: 15    God:    Vehumet [***...]
Gold:   511        SH:  0    Dex: 19    Spells: 5 memorised, 4 levels left

rFire  . . .     SeeInvis .     t - +5 scythe "Gidey" {flame, *Confuse Str+4}
rCold  . . .     Clarity  .     d - +0 robe
rNeg   . . .     SustAt   .     (no shield)
rPois  .         Gourm    .     (no helmet)
rElec  +         Spirit   .     (no cloak)
rCorr  .         Warding  .     (no gloves)
rMut   .         Stasis   +     m - +1 pair of boots
MR     .....                    b - amulet of stasis
Stlth  ++++++....               (no ring)
                                p - +5 ring of protection

@: agile, not resistant to hostile enchantments, very stealthy
A: claws 1, icy blue scales 2, blurry vision 1, nightstalker 2, electricity
resistance, spiny 1, strong 1
a: Renounce Religion


You were on level 7 of the Dungeon.
You worshipped Vehumet.
Vehumet was most pleased with you.
You were not hungry.

You visited 2 branches of the dungeon, and saw 8 of its levels.

You collected 511 gold pieces.

Inventory:

Hand weapons
 a - a +2 falchion
 h - a +3 dire flail of protection
 t - the +5 scythe "Gidey" (weapon) {flame, *Confuse Str+4}
   (You found it on level 5 of the Dungeon)

   It has been specially enchanted to burn those struck by it, causing extra
   injury to most foes and up to half again as much damage against particularly
   susceptible opponents.
   Big, fiery blades are also staple armaments of hydra-hunters.
   It affects your strength (+4).
   It may confuse you when you take damage.
 w - a +2 dagger of protection
Armour
 d - a +0 robe (worn)
 m - a +1 pair of boots (worn)
 o - a +3 leather armour
 q - a +0 scale mail of fire resistance
 u - a cursed +0 robe
Rods
 D - a cursed +0 rod of inaccuracy (14/14)
   (You found it on level 7 of the Dungeon)
Jewellery
 b - an amulet of stasis (around neck)
 p - a +5 ring of protection (left claw)
Magical devices
 e - a wand of slowing (8)
 s - a wand of random effects (27)
 v - a wand of teleportation (4)
 C - a wand of paralysis (7)
Scrolls
 g - 2 scrolls of fear
 i - 4 scrolls of teleportation
 j - a scroll of magic mapping
 k - 2 scrolls of remove curse
 r - 2 scrolls of recharging
 y - a scroll of vulnerability {unknown}
 A - a scroll of blinking {unknown}
 B - a scroll of summoning {unknown}
Potions
 n - a potion of haste
Books
 c - Xoyfobow's Tome of the Volcanoes

   Spells                             Type                      Level
   a - Flame Tongue                   Conjuration/Fire             1
   b - Ignite Poison                  Fire/Transmutation/Poison    3
Comestibles
 f - a meat ration
 l - a bread ration
 z - 3 fruits


   Skills:
 + Level 4.5 Fighting
 + Level 3.3 Long Blades
 + Level 3.3 Polearms
 + Level 6.3 Dodging
 + Level 4.1 Stealth
   Level 1.8 Shields
 + Level 3.2 Spellcasting
 + Level 1.5 Conjurations
   Level 1.1 Necromancy
 + Level 0.3 Fire Magic
 + Level 2.2 Poison Magic
 + Level 1.0 Evocations


You had 4 spell levels left.
You knew the following spells:

 Your Spells              Type           Power        Failure   Level  Hunger
a - Flame Tongue          Conj/Fire      #....        4%          1    #......
b - Ignite Poison         Fire/Trmt/Pois #.......     13%         3    ###....
c - Sting                 Conj/Pois      #...         3%          1    #......
d - Magic Dart            Conj           #...         3%          1    #......
e - Mephitic Cloud        Conj/Pois/Air  #.......     10%         3    ###....


Dungeon Overview and Level Annotations

Branches:
Dungeon (7/15)             Temple (1/1) D:6

Altars:
Ashenzari
Cheibriados
Dithmenos
Elyvilon
Fedhas
Gozag
Kikubaaqudgha
Makhleb
Nemelex Xobeh
Okawaru
Qazlal
Ru
Sif Muna
Trog
Vehumet
Xom
Yredelemnul
The Shining One

Shops:
D:4 *   D:6 *   D:7 [


Innate Abilities, Weirdness & Mutations

You have sharp fingernails.
You are mostly covered in icy blue scales (AC +3, EV -1).
You are significantly more attuned to the shadows.
You are partially covered in sharp spines.
Scrolls take you a little longer to read.
You are resistant to electric shocks.
Your muscles are strong. (Str +2)


Message History

It was a potion of agility.
You feel agile all of a sudden. The orc wizard completely misses you.
The orc priest closely misses you. The orc is struck by your spines.
You kill the orc!
Vehumet accepts your kill. The orc warrior misses you.
You hit the orc wizard. You burn the orc wizard.
The orc wizard is moderately wounded.
The orc wizard closely misses you.
The orc priest prays to Beogh.
You feel troubled. The orc warrior barely misses you.
The orc wizard hits you but does no damage.
The orc priest is struck by your spines.
The orc priest barely misses you.
You slash the orc wizard! You burn the orc wizard.
You kill the orc wizard!
Vehumet accepts your kill.
The orc warrior hits you with a battleaxe!!
You die...

......# ###..#### ###..#..#
........# ........# ..
'###..############# ## #.########
.###..###.#..#.#(.#..###.#......#
.......#...#...o#......+....#...#
.......'...+(>..@(...>.#....+...#
.......#...#...)#o.....#....#(..#
..##..##..##...####+####...###.##
#+###'##..##...# #....##'#####'#.
+........'#######.........+....
#........##§§≈≈§#.........#....
.###.###..###§≈.≈≈#...##....##.†_
.###.###..#.'§§∩§.'...####+###...
............#≈≈.§§#..............


You could see an orc warrior and an orc priest.

Vanquished Creatures
  An orc warrior (D:6)
  Duvessa (D:6)
  A sky beast (D:5)
  A black bear (D:6)
  2 ice beasts (D:7)
  2 phantoms
  An ogre (D:6)
  Dowan (D:6)
  A wyvern skeleton (D:7)
  2 scorpions
  2 crimson imps (D:5)
  2 hounds
  An orc priest (D:6)
  A giant frog zombie (D:6)
  4 iguanas
  3 jellies
  3 orc wizards
  4 worker ants
  A hound zombie (D:5)
  A gnoll (D:4)
  12 adders
  2 oozes
  6 worms
  3 giant geckos
  13 orcs
  A bat zombie (D:5)
  7 giant cockroaches
  12 goblins
  17 hobgoblins
  4 jackals (D:3)
  12 kobolds
  3 quokkas
  2 ball pythons
  10 bats
  A giant newt (D:2)
  A jackal skeleton (D:4)
  19 rats
  A spectral orc (D:4)
161 creatures vanquished.

Notes
Turn   | Place    | Note
--------------------------------------------------------------
     0 | D:1      | Sirial the Demonspawn Wanderer began the quest for the Orb.
     0 | D:1      | Sirial set off with: a +2 falchion, a +0 spear, Xoyfobow's Tome of the Volcanoes, a +0 robe, a bread ration
     0 | D:1      | Reached XP level 1. HP: 15/15 MP: 3/3
     4 | D:1      | Learned a level 1 spell: Flame Tongue
    44 | D:1      | Gained mutation: You are slightly more attuned to the shadows. [demonic ancestry]
    44 | D:1      | Reached XP level 2. HP: 9/21 MP: 1/5
   594 | D:1      | Reached skill level 1 in Dodging
   801 | D:2      | Reached XP level 3. HP: 26/26 MP: 4/6
   984 | D:2      | Found a snail-covered altar of Cheibriados.
  1290 | D:2      | Gained mutation: You are partially covered in icy blue scales (AC +1). [demonic ancestry]
  1290 | D:2      | Reached XP level 4. HP: 29/32 MP: 6/8
  1329 | D:2      | Found a radiant altar of Vehumet.
  1338 | D:2      | Became a worshipper of Vehumet
  1789 | D:3      | Learned a level 3 spell: Ignite Poison
  2058 | D:3      | Reached skill level 1 in Conjurations
  2179 | D:4      | Acquired Vehumet's first power
  2179 | D:4      | Offered knowledge of Sting by Vehumet.
  2180 | D:4      | Identified Xoyfobow's Tome of the Volcanoes
  2182 | D:4      | Learned a level 1 spell: Sting
  2314 | D:4      | Reached XP level 5. HP: 28/37 MP: 6/9
  2446 | D:4      | Found a stormy altar of Qazlal.
  2517 | D:4      | Reached skill level 1 in Stealth
  2556 | D:4      | Found Uluj's Assorted Antiques.
  2759 | D:4      | Reached skill level 3 in Spellcasting
  2813 | D:4      | Found a basalt altar of Yredelemnul.
  2873 | D:4      | Found an iron altar of Okawaru.
  2873 | D:4      | Found a bloodstained altar of Trog.
  3034 | D:5      | Entered Level 5 of the Dungeon
  3075 | D:5      | Gained mutation: You are significantly more attuned to the shadows. [demonic ancestry]
  3075 | D:5      | Reached XP level 6. HP: 20/44 MP: 10/10
  3112 | D:5      | Noticed a phantom
  3141 | D:5      | Got a warped scythe
  3148 | D:5      | Killed a phantom
  3161 | D:5      | HP: 2/44 [orc/war axe (1)]
  3162 | D:5      | Offered knowledge of Magic Dart by Vehumet.
  3172 | D:5      | Identified the +5 scythe "Gidey" {flame, *Confuse Str+4} (You found it on level 5 of the Dungeon)
  3227 | D:5      | Learned a level 1 spell: Magic Dart
  3326 | D:5      | Found an ancient bone altar of Kikubaaqudgha.
  3420 | D:5      | Noticed a sky beast
  3436 | D:5      | Killed a sky beast
  3479 | D:5      | Gained mutation: You have sharp fingernails. [demonic ancestry]
  3479 | D:5      | Reached XP level 7. HP: 14/51 MP: 11/11
  3484 | D:5      | Gained mutation: Scrolls take you a little longer to read. [mutagenic meat]
  3496 | D:5      | Gained mutation: You are resistant to electric shocks. [mutagenic meat]
  3497 | D:5      | Gained mutation: You are mostly covered in icy blue scales (AC +3, EV -1). [mutagenic meat]
  3498 | D:5      | Gained mutation: Your muscles are strong. (Str +2) [mutagenic meat]
  3978 | D:5      | Reached skill level 4 in Dodging
  4231 | D:6      | Reached skill level 1 in Polearms
  4320 | D:6      | Noticed Duvessa
  4321 | D:6      | Noticed Dowan
  4336 | D:6      | Killed Duvessa
  4337 | D:6      | Killed Dowan
  4662 | D:6      | Offered knowledge of Mephitic Cloud by Vehumet.
  4696 | D:6      | Gained mutation: You are partially covered in sharp spines. [demonic ancestry]
  4696 | D:6      | Reached XP level 8. HP: 53/60 MP: 12/12
  4701 | D:6      | Learned a level 3 spell: Mephitic Cloud
  4858 | D:6      | Found a staircase to the Ecumenical Temple.
  4884 | Temple   | Entered the Ecumenical Temple
  5224 | D:6      | Found a white marble altar of Elyvilon.
  5442 | D:6      | Reached skill level 5 in Dodging
  5473 | D:6      | HP: 3/60 [orc warrior/dire flail of protection (11)]
  5497 | D:6      | Found Foecah's Assorted Antiques.
  5576 | D:6      | Found a shimmering altar of Xom.
  6130 | D:7      | Found a blossoming altar of Fedhas.
  6157 | D:7      | Noticed a troll
  6200 | D:7      | Acquired Vehumet's second power
  6251 | D:7      | Found Xaoligur's Armour Shop.
  6407 | D:7      | Found a burning altar of Makhleb.
  6423 | D:7      | Reached skill level 6 in Dodging
  6701 | D:7      | Demolished by an orc warrior

Vault maps used:
D:1:      onia_arrival_handbag, serial_forest, infiniplex_forest_end_1,
          infiniplex_forest_end_2, infiniplex_forest_straight_2,
          infiniplex_forest_zigzag_1, infiniplex_forest_clump_small,
          infiniplex_forest_clump_double
D:2:      overflow_temple_1_default, cheibriados_altar_wand_db
D:3:      first_bread, minmay_bisected
D:4:      grunt_temple_overflow_bloody_war, lemuel_doored_altar,
          yredelemnul_forgotten_temple_becter, serial_curves, eino_curves_02,
          eino_curves_03, serial_shops, nicolae_shop_overgrown_old_shop,
          serial_bayou_lagoon_a, grunt_ministairs_14, minmay_strange_pillars,
          minivault_14
D:5:      kennysheep_mini_moat, kennysheep_dice
D:6:      kennysheep_mini, lemuel_round_altar, minmay_temple_entry_crystal_x,
          serial_shops, nicolae_shop_crystal, corexii_shack, uniq_eustachio,
          uniq_duvessa
D:7:      fedhas_altar_4, serial_shops, kennysheep_little_box, bloody_makhleb
Temple:   minmay_temple_curvy_8

Action                   |  1- 3 |  4- 6 |  7- 9 || total
-------------------------+-------+-------+-------++-------
Melee: Falchion          |   107 |   200 |       ||   307
       Scythe            |       |    27 |   142 ||   169
 Cast: Flame Tongue      |    22 |     6 |       ||    28
       Sting             |       |     2 |     1 ||     3
  Use: Scroll            |     5 |     9 |     1 ||    15
       Potion            |     1 |     2 |    10 ||    13
 Stab: Sleeping          |     1 |     5 |    11 ||    17
  Eat: Bread ration      |     1 |     1 |       ||     2
       Fruit             |       |     2 |       ||     2
       Chunk             |       |       |     4 ||     4
       Meat ration       |       |       |     2 ||     2
       Royal jelly       |       |       |     1 ||     1
